 Dungeon Crawl Stone Soup version 0.20.1-1-g8b1a95d (webtiles) character file.

24 digijack the Digger (level 2, 0/25 HPs)
             Began as a Deep Dwarf Wanderer on Jan 28, 2018.
             Slain by a kobold
             ... wielding a +0 dagger
              (6 damage)
             ... on level 1 of the Dungeon on Mar 17, 2018.
             The game lasted 00:15:58 (649 turns).

digijack the Digger (Deep Dwarf Wanderer)            Turns: 649, Time: 00:15:59

Health: 0/25       AC:  0    Str: 10 (12) XL:     2   Next: 79%
Magic:  5/5        EV: 11    Int:  8 (11) God:
Gold:   61         SH:  0    Dex: 13 (16) Spells: 5/6 levels left

rFire    . . .     SeeInvis .   b - +0 hand crossbow
rCold    . . .     Gourm    .   (no shield)
rNeg     . . .     Faith    .   (no armour)
rPois    .         Spirit   .   (no helmet)
rElec    .         Reflect  .   (no cloak)
rCorr    .         Harm     +   (no gloves)
MR       .....                  (no boots)
Stlth    ++........             i - amulet of harm (curse)
Regen    0.0/turn               (no ring)
MPRegen  0.1/turn               (no ring)

@: non-regenerating
A: damage resistance, heal wounds, sense surroundings 1, no regeneration
a: Heal Wounds


You were on level 1 of the Dungeon.
You were not hungry.

You visited 1 branch of the dungeon, and saw 1 of its levels.

You collected 61 gold pieces.

Inventory:

Hand Weapons
 b - a +0 hand crossbow (weapon)
Missiles
 c - 27 bolts (quivered)
 e - 6 stones
Armour
 d - a +0 robe
Jewellery
 i - a cursed amulet of harm (around neck)
Scrolls
 j - a scroll of teleportation
Books
 a - a book of Geomancy

   Spells                             Type                      Level
   a - Sandblast                      Earth                        1
   b - Passwall                       Transmutation/Earth          2
   c - Stone Arrow                    Conjuration/Earth            3
   d - Petrify                        Transmutation/Earth          4
   e - Lee's Rapid Deconstruction     Earth                        5
Comestibles
 f - 3 bread rations
 g - 6 chunks of flesh
 h - a royal jelly
 k - a meat ration


   Skills:
 + Level 1.2 Fighting
 + Level 1.0 Crossbows
 - Level 2.1 Armour
 + Level 0.4 Dodging
 + Level 1.4 Stealth
 + Level 2.9 Spellcasting
 + Level 3.3 Earth Magic
   Level 1.3 Evocations


You had 5 spell levels left.
You knew the following spells:

 Your Spells              Type           Power        Failure   Level  Hunger
a - Sandblast             Erth           #.....       9%          1    ##.....


Dungeon Overview and Level Annotations

Branches:
Dungeon (1/15)

Altars:


Innate Abilities, Weirdness & Mutations

You are resistant to damage.
You can heal yourself by infusing magical energy.
You passively map a small area around you.
You do not regenerate.


Message History

The kobold hits you with a dagger. The kobold barely misses you.
The kobold hits you with a dagger. The kobold misses you.
The kobold closely misses you. The kobold closely misses you.
The kobold hits you with a dagger. The kobold closely misses you.
The kobold closely misses you. The kobold hits you with a dagger.
The kobold misses you. The kobold hits you with a dagger.
The kobold hits you but does no damage. The kobold hits you with a dagger.
The kobold hits you but does no damage. The kobold hits you with a dagger.
* * * LOW HITPOINT WARNING * * *
The kobold hits you but does no damage. The kobold hits you with a dagger.
You die...

.'.....##'###รท##.........,*
##....##...#...#........,
########.>.#...#.# ###.#***
.......#...#...#.# #...#
######.#.>.#.<.#.# #.).#
#.#...#...#.# #...#
#.#.>.#...#.# #...#
#.#...#...#K# ###.#
#.##'###+##@# #.#
#.........#.# #.#
#########.#.# #.# ######...#
#.# #........# ###.##
#######.####...# #....#
###.....#....#...# #....#
#.......#....#.#.###....#
#.......#....#.#..####'##


You could see a kobold.

Vanquished Creatures
  2 dart slugs (D:1)
  3 giant cockroaches (D:1)
  3 hobgoblins (D:1)
  4 bats (D:1)
  A frilled lizard (D:1)
  3 goblins (D:1)
  3 rats (D:1)
19 creatures vanquished.

Notes
Turn   | Place    | Note
-------+----------+-------------------------------------------
     0 | D:1      | digijack the Deep Dwarf Wanderer began the quest for the Orb.
     0 | D:1      | digijack set off with: a book of Geomancy, a +0 hand crossbow, 20 bolts, a +0 ring mail, a bread ration
     0 | D:1      | Reached XP level 1. HP: 18/18 MP: 4/4
     2 | D:1      | Learned a level 1 spell: Sandblast
    76 | D:1      | Reached skill level 3 in Earth Magic
   227 | D:1      | Reached XP level 2. HP: 23/25 MP: 5/5
   515 | D:1      | Reached skill level 1 in Crossbows
   649 | D:1      | Slain by a kobold

Skill      XL: |  1  2 |
---------------+-------+-----
Earth Magic    | 3 |  3.3
Crossbows      | 1 |  1.0
Fighting       | |  1.2
Armour         | |  2.1
Dodging        | |  0.4
Stealth        | |  1.4
Spellcasting   | |  2.9
Evocations     | |  1.3

Action                   || total
-------------------------++-------
 Fire: Hand crossbow     ||    34
 Cast: Sandblast         ||     8
  Use: Potion            ||     5
       Scroll            ||     2
Armor: Robe              ||     6
Dodge: Dodged            ||    35
